 Dungeon Crawl Stone Soup version 0.27.1-34-g3ba077fa99 (webtiles) character file.

Game seed: 16752372123489025219

550 pkoi the Conjurer (level 7, 0/50 HPs)
             Began as a Yellow Draconian Hedge Wizard on Jan 27, 2022.
             Was an Initiate of Gozag.
             Succumbed to a scorpion's poison
             ... on level 4 of the Dungeon.
             The game lasted 00:10:34 (5665 turns).

pkoi the Conjurer (Yellow Draconian Hedge Wizard)   Turns: 5665, Time: 00:10:35

Health: 0/50       AC:  7    Str: 12    XL:     7   Next: 7%
Magic:  13/13      EV: 12    Int: 16    God:    Gozag
Gold:   181        SH:  0    Dex: 11    Spells: 8/14 levels left

rFire    . . .     SeeInvis +   n - +0 whip (elec)
rCold    . . .     Faith    .   (no shield)
rNeg     . . .     Spirit   .   (armour unavailable)
rPois    .         Reflect  .   b - +0 hat
rElec    .         Harm     +   s - scarf {harm}
rCorr    +         Rampage  .   p - +0 pair of gloves
Will     .....                  (no boots)
Stlth    +.........             (no amulet)
HPRegen  0.16/turn              i - ring of see invisible
MPRegen  0.13/turn              (no ring)

@: confused, lethally poisoned (0 -> -21), short of breath, ambrosia-drunk
A: spit acid, AC +6, unfitting armour, cold-blooded, acid resistance
a: Breathe Acid, Renounce Religion, Potion Petition, Call Merchant, Bribe Branch


You were on level 4 of the Dungeon.
You worshipped Gozag.
Gozag was aware of your devotion.
You visited 1 branch of the dungeon, and saw 5 of its levels.

You collected 273 gold pieces.
You paid 92 gold pieces to Gozag.

Inventory:

Hand Weapons
 a - a +0 dagger
 c - a +0 whip
 n - a +0 whip of electrocution (weapon)
Armour
 b - a +0 hat (worn)
 p - a +0 pair of gloves (worn)
 s - a scarf of harm (worn)
Jewellery
 g - a ring of fire
 i - a ring of see invisible (left hand)
 m - an amulet of guardian spirit
Wands
 t - a wand of charming (8)
Scrolls
 e - a scroll of fear {unknown}
 f - 2 scrolls of noise {unknown}
 h - a scroll of teleportation {unknown}
 o - a scroll of identify {unknown}
 q - 3 scrolls of enchant armour {unknown}
Potions
 k - a potion of haste {unknown}
 l - a potion of flight {unknown}
 r - a potion of experience {unknown}


   Skills:
 - Level 1.7 Dodging
 - Level 1.7 Stealth
 + Level 4.4 Spellcasting
 * Level 6.4 Conjurations
 - Level 1.0 Summonings
 - Level 1.0 Translocations
 + Level 0.7 Air Magic
 + Level 0.5 Poison Magic


You had 8 spell levels left.
You knew the following spells:

 Your Spells              Type           Power      Damage    Failure   Level
a - Magic Dart            Conj           96%        1d7       1%          1
b - Blink                 Tloc           N/A        N/A       16%         2
c - Mephitic Cloud        Conj/Pois/Air  11%        N/A       17%         3

Your spell library contained the following spells:

 Spells                   Type           Power      Damage    Failure   Level
 Conjure Flame            Conj/Fire      13%        6-21      13%         3
 Call Imp                 Summ           6%         N/A       16%         2
 Poisonous Vapours        Pois/Air       10%        N/A       19%         2
 Corpse Rot               Necr/Air       N/A        N/A       21%         2
 Slow                     Hex            3%         N/A       24%         2
 Freezing Cloud           Conj/Ice/Air   5%         6-21      86%         5


Dungeon Overview and Level Annotations

Branches:
Dungeon (5/15)
 Temple: D:4-7

Altars:
Elyvilon
Gozag
The Shining One

Annotations:
D:4 1 runed translucent door, jjjjhere's ghost, amateur DgEE


Innate Abilities, Weirdness & Mutations

You can spit globs of acid.
Your golden yellow scales are hard. (AC +6)
You cannot fit into any form of body armour.
You are cold-blooded and may be slowed by cold attacks.
You are resistant to acid. (rCorr)


Message History

You tail-slap the scorpion, but do no damage.
The scorpion is severely wounded.
* * * LOW HITPOINT WARNING * * *
You feel very sick. The scorpion closely misses you.
The scorpion barely misses you.
Unknown command.
Press: ? - help, Shift-Dir - straight line, f/p - scorpion
Aim: a scorpion (severely wounded)
You spit a glob of acid.
The glob of acid misses the scorpion.
* * * LOW HITPOINT WARNING * * *
You feel very sick. The scorpion completely misses you.
Unknown command.
It was a potion of curing.
You feel better. The scorpion stings you.
* * * LOW HITPOINT WARNING * * *
You are poisoned.
The scorpion poisons you!
It was a potion of ambrosia.
You are confused.
You feel invigorated.
You feel sick.
The scorpion stings you but does no damage.
You're too confused to move!
You feel sick. The scorpion stings you.
* * * LOW HITPOINT WARNING * * *
You are lethally poisoned!
The scorpion poisons you!
You bump into the rock wall.
* * * LOW HITPOINT WARNING * * *
You feel very sick. The scorpion stings you.
* * * LOW HITPOINT WARNING * * *
You are more poisoned.
The scorpion poisons you!
The scorpion stings you but does no damage.
* * * LOW HITPOINT WARNING * * *
You feel very sick. The scorpion stings you!
* * * LOW HITPOINT WARNING * * *
Unknown command.
You die...
Your body crumbles into a pile of gold.

...........................
...........#+#..##...###..#
#......).##.##..##..# ..
.#.......##...##....## .
........##.....##.#..# # .
........#⌠.!♣!.⌠#)#)### .#..
........##....W##.....# o.o..
.........##..$##.s....##$.....
....###...##⌠##.@....$.$......
....#####..###.........#......
.....##................# .#...
.##..#.<....##..........# # .
.##.........#...........#
..##..#...................
......##..................
#.............###..........
.....#......(..#


You could see a scorpion and jjjjhere's ghost.

Vanquished Creatures
  Sigmund (D:3)
  A black bear (D:4)
  2 hounds (D:3)
  Ijyb (D:3)
  2 orc wizards (D:4)
  A gnoll (D:3)
  6 adders
  A white imp (D:5)
  An ufetubus (D:3)
  An adder skeleton (D:4)
  4 worms
  A dart slug (D:1)
  8 orcs
  6 ball pythons
  3 bats
  11 endoplasms
  7 giant cockroaches
  5 goblins
  6 hobgoblins
  A quokka (D:1)
  2 frilled lizards (D:1)
  7 kobolds
  4 rats
82 creatures vanquished.

Notes
Turn   | Place    | Note
-------+----------+-------------------------------------------
     0 | D:1      | pkoi the Draconian Hedge Wizard began the quest for the
                  | Orb.
     0 | D:1      | Reached XP level 1. HP: 14/14 MP: 4/4
   245 | D:1      | Reached skill level 2 in Conjurations
   290 | D:1      | Reached XP level 2. HP: 19/20 MP: 1/6
   303 | D:1      | Learned a level 2 spell: Blink
   882 | D:1      | Reached skill level 3 in Conjurations
   998 | D:1      | Reached XP level 3. HP: 26/26 MP: 4/7
  1744 | D:2      | Learned a level 3 spell: Mephitic Cloud
  2216 | D:2      | Reached XP level 4. HP: 33/33 MP: 2/8
  2428 | D:2      | Reached skill level 4 in Conjurations
  2678 | D:3      | Noticed Sigmund
  3092 | D:3      | Found a faded altar of an unknown god.
  3144 | D:3      | You fall into a shaft and drop 2 floors!
  3144 | D:5      | Entered Level 5 of the Dungeon
  3374 | D:5      | Noticed a sky beast
  3387 | D:5      | Noticed a scorpion
  3393 | D:4      | Noticed Ijyb
  3396 | D:4      | Noticed jjjjhere's ghost (amateur DgEE)
  3553 | D:3      | Killed Sigmund
  3554 | D:3      | Reached skill level 5 in Conjurations
  3554 | D:3      | Reached XP level 5. HP: 15/38 MP: 3/10
  3554 | D:3      | Reached XP level 6. HP: 17/45 MP: 3/11
  3807 | D:3      | Found a white marble altar of Elyvilon.
  3882 | D:3      | Found a glowing golden altar of the Shining One.
  4673 | D:3      | Found an opulent altar of Gozag.
  4887 | D:3      | Became a worshipper of Gozag Ym Sagoz the Greedy
  4937 | D:4      | Reached skill level 6 in Conjurations
  5216 | D:4      | Found a runed translucent door.
  5286 | D:3      | Killed Ijyb
  5369 | D:4      | Your scales start taking on a golden yellow colour.
  5369 | D:4      | Reached XP level 7. HP: 50/50 MP: 3/13
  5369 | D:4      | Gained mutation: You are resistant to acid. (rCorr) [Yellow
                  | Draconian growth]
  5664 | D:4      | HP: 1/50 [scorpion (9)]
  5665 | D:4      | Succumbed to a scorpion's poison

Illustrated notes

Levels and vault maps discovered:
D:1:      amcnicky_arrival_double_pillar, layout_basic, minmay_worlds_worst_comb
D:2:      layout_basic, minmay_strange_pillars
D:3:      layout_loops_ring, elyvilon_altar_1,
          mainiacjoe_overflow_six_doors_small,
          nicolae_gozag_cash_rules_everything_around_me,
          ebering_ecumenical_altar_mist, cheibrodos_gnoll_hut, uniq_sigmund
D:4:      layout_cave_pools, marbit_many_paths,
          mainiacjoe_overflow_cross_hatched, hellmonk_ghost_happy_afterlife,
          kennysheep_generic_room_8, uniq_ijyb
D:5:      minmay_chambers_of_threes, layout_basic, zin_purify,
          nicolae_overflow_hidden_temple, hangedman_abyss_or_decor_lesser_grid

Skill      XL: |  1  2  3  4  5  6 |
---------------+-------------------+-----
Conjurations   | 2 3 5 6 |  6.4
Spellcasting   | 4 |  4.4
Dodging        | |  1.7
Stealth        | |  1.7
Summonings     | |  1.0
Translocations | |  1.0
Air Magic      | |  0.7
Poison Magic   | |  0.5

Action                   |  1- 3 |  4- 6 |  7- 9 || total
-------------------------+-------+-------+-------++-------
Melee: Dagger            |    55 |    34 |       ||    89
       Tailslap          |     6 |     7 |     1 ||    14
       Whip              |       |    19 |    12 ||    31
 Cast: Magic Dart        |    94 |   124 |    24 ||   242
       Mephitic Cloud    |       |     3 |       ||     3
 Abil: Breathe Acid      |       |       |     1 ||     1
  Use: Potion            |       |       |     2 ||     2
 Stab: Confused          |       |     6 |       ||     6
Armor: Skin              |    23 |    31 |     8 ||    62
Dodge: Dodged            |    42 |    56 |     9 ||   107
